Unix NetHack Version 5.0.0-0 post-release - last build May 23 2026 06:08:33 (1c0ff79ee797540d5714e4e18072db0edd9e58ae,branch:main).

Game began 2026-05-27 02:03:52, ended 2026-05-27 02:26:15.

CyberFan, lawful female dwarven Archeologist

                                                   ----------------
                                    --------       |..............|
                       --------     |......|       |..............|
                       |.+..(.|  ###di`....|       |[.............-#
                       |.[>...-###  |.@....|       |).............|#      ----
                       |.(....|     -+-p----       ----|---+-------#      |..|
                       -.-+----        #               #           #      |..|
       -------          #              #             ###           #     #..*|
       |.....|          [              #             #             ##    #----
       |.....-##       ##              #            ##              #    ###
       |.....| #       #             --.-+----    --.-----          #      #
       |.....| #    ---|----         |........##  |......|          #  ### ##
       |.....| #    |......|         |.......| #  |......|          #  --.--#
       ------- #####|......|         |.......| #  |......|          #  |...|#
                   #.......|         |.......| ###.......|          #  |.{..#
                    --------         ---------    --------          ###....|
                                                                       -----

CyberFan the Field Worker  St:15 Dx:13 Co:14 In:16 Wi:15 Ch:6  Lawful
Dlvl:5  $:83 HP:0(33) Pw:11(11) AC:0  Xp:4/123 T:3096 

Latest messages:
 You miss the imp.
 The imp hits!
 The little dog bites the imp.
 The imp misses the little dog.
 You miss the imp.
 The imp hits!
 The little dog bites the imp.
 The imp hits the little dog.
 You lash the imp.
 The imp hits!
 You miss the imp.
 The imp misses!
 "Thy head is unfit for a mind flayer to munch upon!"
 You miss the imp.
 The imp misses!
 You lash the imp.
 The imp misses!
 You miss the imp.
 The imp hits!
 You miss the imp.
 The imp misses!
 The little dog misses it.
 You miss the imp.
 The imp hits!
 The little dog misses it.
 The little dog misses it.
 The little dog bites the gecko.
 The gecko bites the little dog.
 The little dog bites the gecko.
 The little dog misses the gecko.
 The little dog bites the gecko.
 The gecko is killed!
 Your little dog eats a gecko corpse.
 You lash the imp.
 The imp misses!
 What do you want to write with? [- agjo or ?*]
 You write in the dust with your fingertip.
 The imp turns to flee.
 You find a hidden door.
 You lash the imp.
 The imp hits!
 You miss the imp.
 The imp misses!
 "Go play leapfrog with a herd of unicorns!"
 You lash the imp.
 The imp hits!
 You lash the rock piercer.
 The imp misses!
 The rock piercer bites!
 You die...

Inventory:
 Coins    ('$')
  $ - 83 gold pieces
 Amulets  ('"')
  c - an uncursed amulet of ESP
 Weapons  (')')
  a - an uncursed +2 bullwhip (weapon in right hand)
 Armor    ('[')
  D - an uncursed +0 pair of iron shoes (being worn)
  E - a blessed +1 dwarvish roundshield (being worn)
  F - an uncursed +0 dwarvish cloak (being worn)
  z - an uncursed +0 elven mithril-coat (being worn)
 Comestibles  ('%')
  d - an uncursed food ration
  v - 2 uncursed lembas wafers
 Scrolls  ('?')
  y - a blessed scroll of enchant weapon
  w - an uncursed scroll of identify
 Potions  ('!')
  k - an uncursed potion of extra healing
  A - an uncursed potion of gain ability
  t - an uncursed potion of levitation
  B - an uncursed potion of monster detection
 Rings    ('=')
  j - a cursed ring of teleportation
 Tools    ('(')
  h - an empty uncursed sack
  f - an uncursed tinning kit (0:61)
 Gems/Stones  ('*')
  o - an uncursed luckstone
  g - an uncursed touchstone

CyberFan the Archeologist's attributes:

Background:
 You were a Field Worker, a level 4 female dwarven Archeologist.
 You were lawful, on a mission for Quetzalcoatl
 who was opposed by Camaxtli (neutral) and Huhetotl (chaotic).
 You were right-handed.
 You were in the Dungeons of Doom, on level 5.
 You entered the dungeon 3096 turns ago.
 It was nighttime.
 You had 123 experience points, 37 more were needed to attain level 5.

Basics:
 You had 0 out of 33 hit points.
 You had all 11 energy points (spell power).
 Your armor class was 0.
 Your wallet contained 83 zorkmids.
 Autopickup was on for '$%?!"=/*' plus thrown, with exceptions.

Final Characteristics:
 Your strength was 15 (limit:18/100).
 Your dexterity was 13 (limit:20).
 Your constitution was 14 (limit:20).
 Your intelligence was 16 (limit:16).
 Your wisdom was 15 (limit:16).
 Your charisma was 6 (limit:16).

Final Status:
 You weren't hungry.
 You were unencumbered.
 You were wielding a whip.
 You had basic skill with whip.

Final Attributes:
 You were piously aligned.
 Your items were somewhat protected from fire.
 Your items were somewhat protected from cold.
 You had automatic searching.
 You had infravision.
 You were guarded.
 You were lucky.
 You had extra luck.
 Bad luck did not time out for you.
 Good luck did not time out for you.
 You are dead.

Miscellaneous:
 You disabled loading and storing of bones levels.
 Total elapsed playing time was 22 minutes and 1 second.

Major events:
 Turn
    1: CyberFan the lawful female dwarven Archeologist entered the dungeon
 1118: attained the rank of Field Worker (level 3)
 1283: found Grimtooth on the floor
 1433: entered the Gnomish Mines
 3096: killed by a rock piercer

You didn't know any spells.

Skills:
 Fighting Skills
   bare handed combat [Unskilled]
   two weapon combat  [Unskilled]
   riding             [Unskilled]
 Weapon Skills
   dagger             [Unskilled]
   knife              [Unskilled]
   pick-axe           [Basic]
   short sword        [Unskilled]
   saber              [Unskilled]
   club               [Unskilled]
   quarterstaff       [Unskilled]
   sling              [Unskilled]
   dart               [Unskilled]
   boomerang          [Unskilled]
   whip               [Basic]
   unicorn horn       [Unskilled]
 Spellcasting Skills
   attack spells      [Unskilled]
   healing spells     [Unskilled]
   divination spells  [Unskilled]
   matter spells      [Unskilled]

Voluntary challenges:
 Character rerolling was not enabled.
 You never genocided any monsters.
 You never polymorphed an object.
 You never changed form.
 You used no wishes.
Achievements:
 You attained the rank of Field Worker.
 You entered a shop.
 You entered the Gnomish Mines.

 The Dungeons of Doom: levels 1 to 5
    Level 1:
       A fountain.
    Level 2:
    Level 3:
       A food shop, a fountain, a grave.
       Stairs down to The Gnomish Mines.
    Level 4:
       A fountain.
    Level 5: <- You were here.
       An altar, a fountain.
       Final resting place for
          you, killed by a rock piercer.
 The Gnomish Mines:
    Level 4:


Vanquished creatures:
  a fog cloud
  a kobold mummy
  a gray ooze
  a giant ant
  a little dog
  a floating eye
  a kitten
  a dwarf
 an iguana
  a giant rat
  a yellow mold
  a green mold
  7 geckos
  2 jackals
  a fox
  2 kobolds
  7 goblins
  2 sewer rats
  3 grid bugs
  a bat
  3 lichens
  a kobold zombie
  4 newts
45 creatures vanquished.

No species were genocided or became extinct.

Game over:
                       ----------
                      /          \
                     /    REST    \
                    /      IN      \
                   /     PEACE      \
                  /                  \
                  |     CyberFan     |
                  |      83 Au       |
                  | killed by a rock |
                  |     piercer      |
                  |                  |
                  |                  |
                  |       2026       |
                 *|     *  *  *      | *
        _________)/\\_//(\/(/\)/\//\/|_)_______

Goodbye CyberFan the Archeologist...

You died in The Dungeons of Doom on dungeon level 5 with 767 points,
and 83 pieces of gold, after 3096 moves.
You were level 4 with a maximum of 33 hit points when you died.

